 Dungeon Crawl Stone Soup version 0.28-a0-1382-g92835e5c71 (webtiles) character file.

Game seed: 9246033831670743478

12 wotkd0121004 the Digger (level 2, 0/17 HPs)
             Began as an Octopode Earth Elementalist on Jan 1, 2022.
             Succumbed to an adder's poison
             ... on level 2 of the Dungeon.
             The game lasted 00:00:35 (771 turns).

wotkd0121004 the Digger (OpEE)                       Turns: 771, Time: 00:00:36

Health: 0/17       AC:  1    Str:  9    XL:     2   Next: 33%
Magic:  3/5        EV: 13    Int: 17    God:
Gold:   0          SH:  0    Dex: 12    Spells: 4/5 levels left

rFire   . . .      SeeInvis .   a - +0 dagger
rCold   . . .      Faith    .   (no shield)
rNeg    . . .      Spirit   .   (helmet restricted)
rPois   .          Reflect  .   (no amulet)
rElec   .          Harm     .   g - ring of flight
rCorr   .          Rampage  .   (no ring)
Will    .....                   (no ring)
Stlth   +++.......              (no ring)
HPRegen 0.05/turn               (no ring)
MPRegen 0.09/turn               (no ring)
                                (no ring)
                                (no ring)

@: lethally poisoned (0 -> -7), flying
A: almost no armour, amphibious, 8 rings, camouflage 1, gelatinous body 1,
(nimble swimmer 1), tentacles, sense surroundings 1, strong 1
a: no special abilities


You were on level 2 of the Dungeon.
You visited 1 branch of the dungeon, and saw 2 of its levels.

Inventory:

Hand Weapons
 a - a +0 dagger (weapon)
Missiles
 b - 26 stones
Jewellery
 g - a ring of flight (left tentacle)
Scrolls
 d - a scroll of immolation {unknown}
 f - a scroll of enchant armour {unknown}
 h - a scroll of fear {unknown}
 i - a scroll of noise {unknown}
 j - a scroll of identify {unknown}
Potions
 e - a potion of curing {unknown}


   Skills:
 + Level 2.2 Dodging
 + Level 3.0 Stealth
 + Level 2.1 Spellcasting
 + Level 1.3 Transmutations
 + Level 3.1 Earth Magic


You had 4 spell levels left.
You knew the following spells:

 Your Spells              Type           Power      Damage    Failure   Level
a - Sandblast             Erth           24%        2d8       5%          1

Your spell library contained the following spells:

 Spells                   Type           Power      Damage    Failure   Level
 Passwall                 Tmut/Erth      7%         N/A       12%         2
 Stone Arrow              Conj/Erth      14%        3d7       30%         3
 Petrify                  Tmut/Erth      9%         N/A       58%         4


Dungeon Overview and Level Annotations

Branches:
Dungeon (2/15)

Altars:


Innate Abilities, Weirdness & Mutations

You cannot wear most types of armour.
You are amphibious.
You can wear up to eight rings at the same time.
Your skin changes colour to match your surroundings (Stealth+).
Your rubbery body absorbs attacks. (AC +1, EV +1)
((You are camouflaged when in or above water. (Stealth+)))
You have tentacles for arms and can constrict up to eight enemies at once.
You passively map a small area around you.
Your muscles are strong. (Str +2)


Message History

There is a stone staircase leading up here.
An adder is nearby!
The helpless adder fails to defend itself.
You hit the adder. Your grab misses the adder. Your squeeze misses the adder.
The adder is heavily wounded.
The adder barely misses you.
You hit the adder. Your grab misses the adder.
The adder is severely wounded.
The adder barely misses you.
You barely miss the adder. Your grab misses the adder.
The adder is severely wounded.
The adder bites you.
You hit the adder but do no damage. Your grab misses the adder.
The adder is severely wounded.
The adder bites you.
You are poisoned.
The adder poisons you! The adder barely misses you.
You closely miss the adder. Your grab misses the adder.
The adder is severely wounded.
You feel sick. The adder bites you.
You are lethally poisoned!
The adder poisons you!
Casting: Sandblast (safe; 5% risk of failure)
Confirm with . or Enter, or press ? or * to list all spells.
Aiming: Sandblast (safe; 5% risk of failure)
Press: ? - help, Shift-Dir - straight line, f - adder
Aim: an adder (severely wounded, 66% to hit)
The blast of sand hits the adder!
You kill the adder!
* * * LOW HITPOINT WARNING * * *
You feel very sick.
Your Stealth skill increases to level 3!
You have reached level 2!
Unknown command.
There is a lethal amount of poison in your body!
There is a lethal amount of poison in your body!
It was a potion of mutation.
You feel extremely strange.
You feel stronger.
You feel a strange attunement to the structure of the dungeons.
You die...

, * ******
*..... * #. ,
.....# ...
.....* #... * .
#...#* .....,,
,
..#....###.#...
*
...............
* .......†...#
* * ,
.......@...# ,
, ,
...........#,
####.......# ,
#.......... *
*+ *
#.....#.##.# ,
#.....#.# # *
####.##.. #.
..# , * * ,


There were no monsters in sight!

Vanquished Creatures
  An adder (D:2)
  A ball python (D:1)
  2 kobolds (D:1)
  2 rats (D:1)
6 creatures vanquished.

Notes
Turn   | Place    | Note
-------+----------+-------------------------------------------
     0 | D:1      | wotkd0121004 the Octopode Earth Elementalist began the
                  | quest for the Orb.
     0 | D:1      | Reached XP level 1. HP: 11/11 MP: 3/3
   771 | D:2      | Reached XP level 2. HP: 1/17 MP: 3/5
   771 | D:2      | Gained mutation: Your muscles are strong. (Str +2) [potion
                  | of mutation]
   771 | D:2      | Gained mutation: You passively map a small area around you.
                  | [potion of mutation]
   771 | D:2      | Succumbed to an adder's poison

Illustrated notes

Levels and vault maps discovered:
D:1:      eino_arrival_druids_welcome, layout_loops_cross,
          shapermc_ecumenical_altar_petra, dk_noncrumbling_4
D:2:      layout_basic

Skill      XL: |  1 |
---------------+----+-----
Stealth        | 3 |  3.0
Dodging        | |  2.2
Spellcasting   | |  2.1
Transmutations | |  1.3
Earth Magic    | |  3.1

Action                   || total
-------------------------++-------
Melee: Dagger            ||     7
       Unarmed           ||     4
       Constrict         ||     1
       Tentacles         ||     1
 Cast: Sandblast         ||     4
  Use: Potion            ||     1
 Stab: Sleeping          ||     2
Dodge: Dodged            ||     4

Table legend: (Time is in decaauts)
 A = Elapsed time spent in this place.
 B = Non-inter-level travel time spent in this place.
 C = Inter-level travel time spent in this place.
 D = Time resting spent in this place.
 E = Time spent auto-exploring this place.
 F = Levels seen in this place.
 G = Mean time per level.
                   A        B        C        D        E       F      G
               +--------+--------+--------+--------+--------+-----+--------+
         Total |    769 |    744 |     25 |    163 |    532 |   2 |  384.5 |
       Dungeon |    769 |    744 |     25 |    163 |    532 |   2 |  384.5 |
               +--------+--------+--------+--------+--------+-----+--------+

Top non-repeatable levels by time:
     D:1: 763 daAuts
     D:2: 6 daAuts
